 Dungeon Crawl Stone Soup version 0.28-a0-1080-g05a166d0ed (webtiles) character file.

Game seed: 9932085676561445561

177 wakim the Stinger (level 5, -3/27 (31) HPs)
             Began as an Octopode Venom Mage on Dec 10, 2021.
             Slain by a necrophage (7 damage)
             ... on level 4 of the Dungeon.
             The game lasted 00:12:24 (4401 turns).

wakim the Stinger (Octopode Venom Mage)             Turns: 4401, Time: 00:12:25

HP:   -3/27 (31)    AC:  1    Str:  7    XL:     5   Next: 57%
MP:   9/9           EV: 13    Int: 19    God:
Gold: 119           SH:  0    Dex: 13    Spells: 4/10 levels left

rFire   . . .      SeeInvis .   (no weapon)
rCold   . . .      Faith    .   (no shield)
rNeg    . . .      Spirit   .   (helmet restricted)
rPois   .          Reflect  .   (no amulet)
rElec   .          Harm     .   (no ring)
rCorr   .          Rampage  .   (no ring)
Will    .....                   (no ring)
Stlth   +++.......              (no ring)
HPRegen 0.09/turn               (no ring)
MPRegen 0.11/turn               (no ring)
                                (no ring)
                                (no ring)

@: heavily drained
A: almost no armour, amphibious, 8 rings, camouflage 1, gelatinous body 1,
(nimble swimmer 1), tentacles
a: no special abilities


You were on level 4 of the Dungeon.
You visited 1 branch of the dungeon, and saw 4 of its levels.

You collected 119 gold pieces.

Inventory:

Missiles
 h - 5 datura-tipped darts
Wands
 u - a wand of mindburst (4)
 z - a wand of polymorph (6)
Scrolls
 b - a scroll of immolation {unknown}
 c - a scroll of holy word {unknown}
 e - a scroll of magic mapping {unknown}
 g - a scroll of brand weapon {unknown}
 i - a scroll of amnesia {unknown}
Potions
 a - a potion of haste {unknown}
 d - a potion of cancellation {unknown}
 f - a potion of curing {unknown}
 D - a potion of brilliance


   Skills:
 - Level 2.0 Dodging
 - Level 4.0 Stealth
 - Level 3.0 Spellcasting
 + Level 1.8 Conjurations
 - Level 1.0 Transmutations
 + Level 1.8 Air Magic
 - Level 5.0 Poison Magic


You had 4 spell levels left.
You knew the following spells:

 Your Spells              Type           Power      Damage    Failure   Level
a - Sting                 Tmut/Pois      56%        1d5       4%          1
f - Mephitic Cloud        Conj/Pois/Air  13%        N/A       14%         3
x - Poisonous Vapours     Pois/Air       30%        N/A       6%          2

Your spell library contained the following spells:

 Spells                   Type           Power      Damage    Failure   Level
 Olgreb's Toxic Radiance  Pois           21%        N/A       19%         4
 Ensorcelled Hibernation  Hex/Ice        4%         N/A       22%         2
 Ozocubu's Armour         Ice            2%         N/A       41%         3
 Tukima's Dance           Hex            2%         N/A       41%         3
 Ozocubu's Refrigeration  Ice            1%         4d5       100%        7


Dungeon Overview and Level Annotations

Branches:
Dungeon (4/15)
 Temple: D:4-7

Altars:

Annotations:
D:2 1 runed translucent door, Crazy Yiuf, Sigmund
D:3 3 runed translucent doors, exclusion: 3 doors, sastreii's ghost, amateur NaFi


Innate Abilities, Weirdness & Mutations

You cannot wear most types of armour.
You are amphibious.
You can wear up to eight rings at the same time.
Your skin changes colour to match your surroundings (Stealth+).
Your rubbery body absorbs attacks. (AC +1, EV +1)
((You are camouflaged near water. (Stealth+)))
You have tentacles for arms and can constrict up to eight enemies at once.


Message History

You destroy the howler monkey skeleton!
You see here a giant cockroach corpse.
You see here a giant cockroach corpse.
You tentacle-slap the necrophage but do no damage.
You grab the necrophage. You constrict the necrophage. The necrophage hits you.
You feel drained.
You tentacle-slap the necrophage.
The necrophage is lightly damaged.
You constrict the necrophage. The necrophage barely misses you.
You barely miss the necrophage.
The necrophage is lightly damaged.
You constrict the necrophage. The necrophage closely misses you.
You tentacle-slap the necrophage.
The necrophage is lightly damaged.
You constrict the necrophage. The necrophage hits you.
You tentacle-slap the necrophage.
The necrophage is moderately damaged.
You constrict the necrophage. The necrophage hits you.
You feel drained.
You tentacle-slap the necrophage but do no damage.
The necrophage is moderately damaged.
You constrict the necrophage. The necrophage hits you!
* * * LOW HITPOINT WARNING * * *
A necrophage is nearby!
Unknown command.
You tentacle-slap the necrophage but do no damage.
The necrophage is heavily damaged.
You constrict the necrophage. The necrophage hits you!
* * * LOW HITPOINT WARNING * * *
You feel drained.
You release your grip on the necrophage.
You see here a +0 hand axe.
Aiming: Polymorph
Press: ? - help, Shift-Dir - straight line, f - you
Okay, then.
Aiming: Mindburst
Press: ? - help, Shift-Dir - straight line, f - necrophage
Aim: a necrophage (heavily damaged, chance to affect: 48%)
The necrophage resists with some effort.
The necrophage hits you!
You die...

.$.############..##
#..........(......#
#..# #..<.#
#..#####
#.........#
#...†..###
#.#....##.#
#(.###.).#
#..####g## #..#
###.# #. ..# # #..#
#n## ## ..#.# #..#
#.@## ##... #..#
##..### #..##. #..#
##...## #.# #..#
###..# #.# ##.##
#)# #..###.#
##...#.# ###..)####
#...†...#


You could see a necrophage.

Vanquished Creatures
  A hound (D:4)
  A howler monkey skeleton (D:4)
  6 adders
  A gnoll (D:3)
  2 worms
  A dart slug (D:3)
  An orc (D:3)
  2 bats
  2 endoplasms
  2 giant cockroaches (D:4)
  6 goblins
  7 hobgoblins
  4 jackals (D:1)
  2 quokkas (D:2)
  8 ball pythons
  11 frilled lizards
  5 kobolds
  10 rats
72 creatures vanquished.

Notes
Turn   | Place    | Note
-------+----------+-------------------------------------------
     0 | D:1      | wakim the Octopode Venom Mage began the quest for the Orb.
     0 | D:1      | Reached XP level 1. HP: 11/11 MP: 3/3
   101 | D:1      | Reached skill level 4 in Poison Magic
   147 | D:1      | Reached XP level 2. HP: 9/17 MP: 1/5
   226 | D:1      | Learned a level 2 spell: Poisonous Vapours
   532 | D:1      | Found a faded altar of an unknown god.
   948 | D:2      | Reached XP level 3. HP: 21/21 MP: 2/6
  1788 | D:2      | Noticed Sigmund
  1807 | D:2      | Found a runed translucent door.
  1808 | D:2      | Noticed Crazy Yiuf
  2114 | D:3      | Noticed sastreii's ghost (amateur NaFi)
  2127 | D:3      | Found a runed translucent gate.
  2127 | D:3      | Found a runed translucent gate.
  2137 | D:3      | Found a runed translucent gate.
  2233 | D:3      | Learned a level 3 spell: Mephitic Cloud
  2252 | D:3      | Reached XP level 4. HP: 22/27 MP: 3/7
  2666 | D:3      | Reached skill level 5 in Poison Magic
  3449 | D:3      | Reached XP level 5. HP: 5/31 MP: 1/9
  3453 | D:3      | HP: 1/31 [poisoned by an adder]
  3819 | D:3      | Reached skill level 1 in Conjurations
  3819 | D:3      | Reached skill level 1 in Air Magic
  4059 | D:4      | Noticed a necrophage
  4401 | D:4      | Slain by a necrophage

Illustrated notes

Levels and vault maps discovered:
D:1:      lemuel_arrival_tunnels, layout_rooms, basic_ecumenical_altar,
          skrybe_limestone_x
D:2:      layout_basic, uniq_crazy_yiuf_cottage, uniq_sigmund
D:3:      kennysheep_six_static_rooms, layout_loops_cross,
          gammafunk_ghost_split, nrook_campfire, grunt_ministairs_9
D:4:      layout_rooms

Skill      XL: |  1  2  3  4  5 |
---------------+----------------+-----
Poison Magic   | 4 5 |  5.0
Stealth        | 3 4 |  4.0
Spellcasting   | 3 |  3.0
Conjurations   | 1 |  1.8
Air Magic      | 1 |  1.8
Dodging        | |  2.0
Transmutations | |  1.0

Action                   |  1- 3 |  4- 6 || total
-------------------------+-------+-------++-------
Melee: Unarmed           |    22 |    29 ||    51
       Constrict         |     5 |     7 ||    12
       Tentacles         |     4 |     5 ||     9
 Cast: Sting             |    48 |    48 ||    96
       Poisonous Vapours |     1 |     3 ||     4
       Mephitic Cloud    |       |     2 ||     2
Evoke: Wand              |       |     1 ||     1
  Use: Scroll            |     2 |       ||     2
       Potion            |       |     1 ||     1
Armor: Skin              |     6 |     2 ||     8
Dodge: Dodged            |    24 |    39 ||    63

Table legend: (Time is in decaauts)
 A = Elapsed time spent in this place.
 B = Non-inter-level travel time spent in this place.
 C = Inter-level travel time spent in this place.
 D = Time resting spent in this place.
 E = Time spent auto-exploring this place.
 F = Levels seen in this place.
 G = Mean time per level.
                   A        B        C        D        E       F      G
               +--------+--------+--------+--------+--------+-----+--------+
         Total |   4402 |   4270 |    132 |    287 |   3264 |   4 | 1100.5 |
       Dungeon |   4402 |   4270 |    132 |    287 |   3264 |   4 | 1100.5 |
               +--------+--------+--------+--------+--------+-----+--------+

Top non-repeatable levels by time:
     D:3: 2022 daAuts
     D:2: 1154 daAuts
     D:1: 934 daAuts
     D:4: 290 daAuts
